 Dungeon Crawl Stone Soup version 0.30-b1-2-g02819fbbbe (webtiles) character file.

Game seed: 16223978500796572831

317 LLlMATKO the Chopper (level 6, 0/56 HPs)
             Began as a Minotaur Berserker on Nov 11, 2023.
             Was a Believer of Trog.
             Slain by an orc warrior
             ... wielding a +0 mace
              (7 damage)
             ... on level 4 of the Dungeon.
             The game lasted 00:02:33 (3086 turns).

LLlMATKO the Chopper (Minotaur Berserker)           Turns: 3086, Time: 00:02:34

Health: 0/56       AC: 12    Str: 23    XL:     6   Next: 20%
Magic:  0/5        EV:  7    Int:  4    God:    Trog [**....]
Gold:   255        SH:  0    Dex: 10    Spells: 5/5 levels left

rFire   . . .        l - +0 war axe
rCold   . . .        (no shield)
rNeg    . . .        r - +0 plate armour
rPois   .            (helmet restricted)
rElec   .            (no cloak)
rCorr   .            (no gloves)
SInv    .            (no boots)
Will    .....        o - amulet of guardian spirit Stlth
                     (no ring)
HPRegen 0.29/turn    (no ring)
MPRegen 0.09/turn

%: guardian spirit
@: on berserk cooldown, slowed, very slow
A: horns 2, retaliatory headbutt
a: Renounce Religion, Berserk, Trog's Hand


You were on level 4 of the Dungeon.
You worshipped Trog.
Trog was pleased with you.
You visited 1 branch of the dungeon, and saw 4 of its levels.

You collected 255 gold pieces.

Inventory:

Hand Weapons
 a - a +0 hand axe
 l - a +0 war axe (weapon)
Missiles
 j - 17 poisoned darts (quivered)
Armour
 r - a +0 plate armour (worn)
Jewellery
 o - an amulet of guardian spirit (around neck)
Scrolls
 c - 3 scrolls of enchant weapon {unknown}
 d - 7 scrolls of identify {unknown}
 e - a scroll of summoning {unknown}
 h - a scroll of acquirement {unknown}
 n - a scroll of fear {unknown}
 p - a scroll of blinking {unknown}
 s - a scroll of amnesia {unknown}
 u - a scroll of teleportation {unknown}
Potions
 b - a potion of attraction {unknown}
 f - 2 potions of heal wounds {unknown}
 g - a potion of flight {unknown}
 i - 3 potions of curing {unknown}
 k - 2 potions of lignification {unknown}
 m - 3 potions of haste {unknown}
 q - a potion of cancellation {unknown}
 t - 2 potions of might {unknown}


   Skills:
 + Level 5.2 Fighting
 + Level 5.3 Axes
 + Level 4.4 Armour
 + Level 4.0 Dodging


You had 5 spell levels left.
You didn't know any spells.
Your spell library was empty.

Dungeon Overview and Level Annotations

Branches:
Dungeon (4/15)
 Temple: D:4-7

Altars:
Cheibriados
Hepliaklqana
Uskayaw

Annotations:
D:4 2 transporters, noone's ghost, amateur GrEE


Innate Abilities, Weirdness & Mutations

You have a pair of horns on your head.
You reflexively headbutt those who attack you in melee.


Message History

Unknown command.
You barely miss the orc warrior. Your headbutt misses the orc warrior.
The orc warrior is severely wounded.
The orc warrior hits you but does no damage. x2
Unknown command.
You barely miss the orc warrior.
The orc warrior is severely wounded.
The orc warrior hits you with a +0 mace.
Unknown command.
You barely miss the orc warrior.
The orc warrior is severely wounded.
You closely miss the orc. The orc hits you but does no damage.
The orc warrior hits you with a +0 mace.
The orc closely misses you. You furiously retaliate!
You headbutt the orc!
You kill the orc!
Trog accepts your kill.
The orc warrior hits you with a +0 mace!
You slash the orc warrior!
The orc warrior is almost dead.
The orc warrior hits you but does no damage.
The orc warrior hits you with a +0 mace.
Unknown command.
You closely miss the orc warrior. You headbutt the orc warrior.
The orc warrior is almost dead.
The orc warrior hits you with a +0 mace.
The orc warrior hits you with a +0 mace!
* * * LOW HITPOINT WARNING * * *
Unknown command.
You barely miss the orc warrior.
The orc warrior is almost dead.
The orc warrior closely misses you.
The orc warrior hits you with a +0 mace.
* * * LOW HITPOINT WARNING * * *
Unknown command.
You barely miss the orc warrior. Your headbutt misses the orc warrior.
The orc warrior is almost dead.
The orc warrior hits you with a +0 mace!
* * * LOW HITPOINT WARNING * * *
The orc warrior hits you with a +0 mace!
You die...

##.+..........+
##.............#
#.......©.......
#...#########... #######
#..##8..)..8##.. .!.....
#..#Y........#..
.......##..#g.#...#..#..
......o#.).#S#.....#.#..
......)@)..#B...©....#..
.......##..#J#.....#.#..
...........#W.#...#..#..
.########..#©........#..
#.†##8....$8##..
#...#########...
#.......©.......
##..............
#.###.....#####


You could see an orc warrior, a sky beast, a jelly, noone's ghost, a giant
cockroach, a goblin and a ball python.

Vanquished Creatures
  Edmund (D:4)
  2 orc priests (D:4)
  An orc wizard (D:4)
  2 adders
  2 worms
  3 dart slugs
  7 orcs
  4 bats
  4 endoplasms
  4 giant cockroaches
  6 goblins
  8 hobgoblins
  11 jackals
  3 quokkas (D:1)
  4 ball pythons
  2 frilled lizards
  7 kobolds
  5 rats
76 creatures vanquished.

Notes
Turn   | Place    | Note
-------+----------+-------------------------------------------
     0 | D:1      | LLlMATKO the Minotaur Berserker began the quest for the
                  | Orb.
     0 | D:1      | Reached XP level 1. HP: 19/19 MP: 0/0
    86 | D:1      | Reached XP level 2. HP: 7/27 MP: 1/1
   521 | D:1      | Reached XP level 3. HP: 33/33 MP: 2/2
  1008 | D:2      | Found a hazy altar of Hepliaklqana.
  1016 | D:2      | Reached ** piety under Trog
  1585 | D:2      | Reached XP level 4. HP: 39/40 MP: 3/3
  2693 | D:4      | Found a hide-covered altar of Uskayaw.
  2738 | D:4      | Found a transporter.
  2740 | D:4      | Found a transporter.
  2740 | D:4      | Noticed noone's ghost (amateur GrEE)
  2744 | D:4      | Noticed a sky beast
  2825 | D:4      | Found a snail-covered altar of Cheibriados.
  2855 | D:4      | Noticed Edmund
  2869 | D:4      | Killed Edmund
  2870 | D:4      | Reached skill level 5 in Axes
  2870 | D:4      | Reached XP level 5. HP: 44/47 MP: 1/4
  3066 | D:4      | Noticed an orc warrior
  3069 | D:4      | Reached skill level 5 in Fighting
  3071 | D:4      | Reached XP level 6. HP: 56/56 MP: 3/5
  3086 | D:4      | Slain by an orc warrior

Illustrated notes

Levels and vault maps discovered:
D:1:      lightli_arrival_lavapool, layout_basic, serial_forest,
          infiniplex_forest_diagonal, infiniplex_forest_lined_3,
          infiniplex_forest_fountain, infiniplex_forest_lined_2,
          infiniplex_forest_clump_large, infiniplex_forest_straight_1,
          corexii_hall_statues_x
D:2:      layout_loops_ring, basic_altar
D:3:      layout_basic
D:4:      layout_basic, eat_drink_and_be_merry_uskayaw, cheibrodos_worm_habitat,
          gammafunk_ghost_arena, uniq_edmund

Skill      XL: |  1  2  3  4  5  6 |
---------------+-------------------+-----
Axes           | 4 5 |  5.3
Fighting       | 4 5 |  5.2
Armour         | 3 4 |  4.4
Dodging        | 3 4 |  4.0

Action                     |  1- 3 |  4- 6 || total
---------------------------+-------+-------++-------
  Melee: Hand axe          |    56 |       ||    56
         Headbutt          |    12 |     8 ||    20
         War axe           |    16 |    74 ||    90
         Punch             |       |     1 ||     1
 Invoke: Berserk           |     1 |     2 ||     3
   Stab: Distracted        |       |     1 ||     1
 Armour: Animal skin       |    10 |       ||    10
         Chain mail        |    20 |     7 ||    27
         Plate armour      |       |    35 ||    35
  Dodge: Dodged            |    47 |    28 ||    75
